Map: Orbital Shipyard

Players

LindyHop

  • Race: Zerg Zerg
  • League: Silver

Dootakun - Winner!

  • Race: Zerg Zerg
  • League: Platinum

VOD

Have the link to the VOD?

Description

Time

  • Played on: Dec. 5, 2015, 1:46 p.m.
  • Length: 10:43
Show
View Real Time Build Order
Export as new Build Order

LindyHop Zerg 

Build Orders: Hatch First 

Get SALT Encoding   

  12  0:01  Drone  
  13  0:09  Drone  
  14  0:36  Hatchery  
  13  0:53  Spawning Pool  
  13  0:54  Drone  
  13  1:03  Overlord  
  13  1:07  Drone  
  14  1:17  Extractor  
  14  1:18  Drone  
  14  1:25  Drone  
  15  1:29  Drone  
  16  1:39  Queen  
  16  1:41  Zergling x2  
  20  1:54  Zergling x4  
  20  1:59  Drone  
  22  2:08  Drone  
  23  2:14  Queen  
  25  2:19  Metabolic Boost  
  25  2:31  Drone x3  
  28  2:52  Roach Warren  
  26  3:07  Zergling x2  
  26  3:08  Zergling x2  
  26  3:11  Spine Crawler  
  27  3:13  Drone  
  27  3:14  Overlord  
  28  3:33  Roach x4  
  36  4:07  Overlord  
  36  4:08  Overlord  
  36  4:11  Lair  
  36  4:13  Evolution Chamber  
  33  4:44  Roach x3  
  33  4:45  Overlord  
  39  4:48  Drone x11  
  39  4:50  Extractor  
  49  5:04  Zerg Ground Armor Level 1  
  49  5:25  Drone x4, Extractor  
  49  5:26  Drone x2, Extractor  
  53  5:34  Roach x3  
  59  5:55  Overlord x3  
  58  6:11  Drone x3  
  60  6:22  Spine Crawler  
  59  6:26  Drone  
  59  6:27  Drone x4  
  59  6:29  Spine Crawler  
  63  6:34  Spire  
  62  7:12  Overlord x4  
  62  7:15  Overseer  
  62  7:33  Hatchery  
  61  7:46  Mutalisk x6  
  61  7:47  Mutalisk x4  
  81  8:09  Mutalisk x2  
  85  8:17  Mutalisk  
  85  8:18  Hatchery  
  86  8:22  Zergling x10  
  86  8:23  Zergling x2  
  92  8:28  Zerg Flyer Weapons Level 1  
  92  8:53  Drone x8  
  100  9:04  Mutalisk  
  100  9:05  Mutalisk x3  
  108  9:13  Mutalisk  
  110  9:23  Mutalisk  
  112  9:37  Mutalisk  
  114  9:42  Roach  
  114  9:43  Roach x4  
  104  9:53  Mutalisk  
  104  9:59  Zergling x2  
  94  10:00  Zergling x8  
  92  10:10  Mutalisk  
  85  10:14  Mutalisk  
Show
View Real Time Build Order
Export as new Build Order

Dootakun Zerg - Winner!

Build Orders: Hatch First 

Get SALT Encoding   

  12  0:01  Drone  
  13  0:13  Overlord  
  13  0:18  Drone  
  14  0:31  Drone  
  14  0:32  Drone  
  16  0:36  Drone  
  17  0:53  Hatchery  
  16  0:58  Drone  
  16  0:59  Drone  
  16  1:02  Extractor  
  17  1:07  Drone  
  18  1:20  Spawning Pool  
  18  1:25  Drone  
  18  1:29  Drone  
  19  1:39  Drone  
  20  1:50  Drone  
  21  2:02  Overlord  
  21  2:07  Queen  
  21  2:08  Queen  
  25  2:10  Zergling x2  
  25  2:12  Zergling x2  
  27  2:17  Overlord  
  27  2:23  Metabolic Boost  
  27  2:29  Drone  
  28  2:31  Drone  
  29  2:43  Drone x2  
  31  2:51  Baneling Nest  
  31  2:55  Zergling x2  
  31  2:56  Drone  
  31  2:57  Drone  
  33  2:59  Baneling Nest  
  32  3:12  Evolution Chamber  
  32  3:13  Drone x2  
  33  3:26  Hatchery  
  32  3:32  Drone  
  32  3:33  Drone x3  
  36  3:35  Drone  
  37  3:42  Drone x3  
  37  3:46  Overlord  
  40  3:51  Baneling x4  
  41  3:55  Zergling x4  
  41  4:04  Spine Crawler  
  41  4:08  Roach Warren  
  41  4:10  Zergling x4  
  41  4:11  Zergling x2  
  42  4:20  Zergling x6  
  42  4:21  Zergling x2  
  45  4:38  Overlord  
  44  4:42  Zerg Missile Weapons Level 1  
  44  4:47  Roach  
  44  4:48  Roach x3  
  52  4:53  Extractor  
  52  4:55  Extractor  
  52  4:57  Drone x3  
  52  4:58  Drone x2  
  55  5:01  Extractor  
  55  5:02  Queen  
  58  5:07  Roach x2  
  58  5:09  Overlord  
  60  5:23  Drone x3  
  60  5:24  Drone x3  
  66  5:34  Roach x4  
  74  5:47  Overlord  
  74  5:50  Lair  
  74  6:08  Roach x4  
  74  6:10  Overlord  
  82  6:17  Overlord  
  82  6:27  Overlord x3  
  82  6:30  Drone  
  82  6:31  Drone x7  
  90  6:44  Overlord x2  
  90  6:48  Extractor  
  90  6:49  Drone x3  
  90  6:50  Roach x3  
  90  6:51  Roach  
  90  6:53  Roach  
  102  6:59  Overseer x2  
  102  7:01  Roach x2  
  103  7:12  Ravager x5  
  108  7:20  Drone x5  
  108  7:22  Roach x4  
  123  7:23  Roach  
  123  7:24  Roach  
  123  7:26  Overlord x2  
  125  7:31  Glial Reconstitution  
  125  7:37  Drone x3  
  125  7:38  Drone, Extractor  
  125  7:39  Overlord x2  
  128  7:56  Overlord  
  128  8:00  Zerg Missile Weapons Level 2  
  128  8:06  Evolution Chamber  
  128  8:07  Overlord  
  128  8:08  Roach  
  128  8:09  Roach x7  
  128  8:10  Roach  
  128  8:12  Overlord  
  145  8:14  Drone  
  145  8:15  Drone  
  145  8:16  Drone  
  148  8:21  Ravager x2  
  148  8:23  Overlord x2  
  148  8:24  Overseer  
  150  8:31  Roach x2  
  150  8:33  Ravager  
  155  8:35  Drone  
  156  8:46  Roach x5  
  166  8:49  Ravager  
  166  8:52  Overseer  
  166  8:54  Roach  
  169  9:08  Ravager  
  169  9:09  Ravager  
  172  9:10  Hatchery, Ravager  
  172  9:11  Roach  
  172  9:12  Overlord x4  
  173  9:18  Spore Crawler  
  173  9:20  Spore Crawler  
  173  9:21  Spore Crawler  
  173  9:22  Spore Crawler  
  173  9:24  Spore Crawler  
  168  9:26  Spore Crawler x2  
  168  9:28  Hydralisk Den  
  149  9:49  Spire  
  134  10:03  Hydralisk x4  
Tags
 
Add a new tag
Caveats
  • Supply blocks, unpowered buildings, or Contaminate may cause inaccurate times.
  • Supply counts are checked every 10 seconds.